 Dungeon Crawl Stone Soup version 0.29.1-1-gd02db6906a (webtiles) character file.

Game seed: 15029169093671384470

34 vvl the Stinger (level 3, -1/25 HPs)
             Began as a Demonspawn Venom Mage on Sept 20, 2022.
             Slain by Natasha (4 damage)
             ... on level 2 of the Dungeon.
             The game lasted 00:02:43 (1625 turns).

vvl the Stinger (Demonspawn Venom Mage)             Turns: 1625, Time: 00:02:45

Health: -1/25      AC:  2    Str:  8    XL:     3   Next: 14%
Magic:  4/6        EV: 12    Int: 18    God:
Gold:   14         SH:  0    Dex: 13    Spells: 5/6 levels left

rFire   . . .      SeeInvis .   f - +2 short sword (vamp)
rCold   . . .      Faith    .   (no shield)
rNeg    . . .      Spirit   .   a - +0 robe
rPois   .          Reflect  .   (no helmet)
rElec   .          Harm     .   (no cloak)
rCorr   .          Rampage  .   (no gloves)
Will    .....                   (no boots)
Stlth   ++........              (no amulet)
HPRegen 0.08/turn               (no ring)
MPRegen 0.10/turn               (no ring)

@: no status effects
A: claws 1
a: no special abilities


You were on level 2 of the Dungeon.
You visited 1 branch of the dungeon, and saw 2 of its levels.

You collected 14 gold pieces.

Inventory:

Hand Weapons
 f - a +2 vampiric short sword (weapon)
Armour
 a - a +0 robe (worn)
Scrolls
 d - a scroll of teleportation {unknown}
 e - a scroll of fear {unknown}
 g - a scroll of blinking {unknown}
 h - a scroll of identify {unknown}
Potions
 b - a potion of magic
 c - a potion of curing {unknown}


   Skills:
 + Level 0.8 Fighting
 + Level 0.7 Armour
 + Level 2.0 Dodging
 - Level 2.0 Stealth
 + Level 2.2 Spellcasting
 + Level 1.3 Transmutations
 + Level 3.2 Poison Magic


You had 5 spell levels left.
You knew the following spells:

 Your Spells              Type           Power      Damage    Failure   Level
a - Sting                 Tmut/Pois      40%        1d5       7%          1

Your spell library contained the following spells:

 Spells                   Type           Power      Damage    Failure   Level
 Poisonous Vapours        Pois/Air       14%        N/A       14%         2
 Mephitic Cloud           Conj/Pois/Air  5%         N/A       34%         3
 Olgreb's Toxic Radiance  Pois           13%        N/A       43%         4


Dungeon Overview and Level Annotations

Branches:
Dungeon (2/15)

Altars:

Shops:
D:1 [

Annotations:
D:2 Natasha


Innate Abilities, Weirdness & Mutations

You have sharp fingernails.


Message History

You climb downwards.
Found a stone staircase leading down.
There is a stone staircase leading up here.
Found an escape hatch in the floor.
The hobgoblin shouts!
You hear an angry hiss.
Natasha, Servant of Life and Death comes into view.
Natasha hisses angrily.
The hobgoblin misses you.
Natasha moves out of view.
You hit the hobgoblin but do no damage. The hobgoblin misses you.
You hit the hobgoblin.
The hobgoblin is almost dead.
The hobgoblin hits you but does no damage.
You barely miss the hobgoblin.
The hobgoblin is almost dead.
The hobgoblin misses you.
You closely miss the hobgoblin.
The hobgoblin is almost dead.
Natasha casts a spell.
The hobgoblin misses you.
You puncture the hobgoblin!
You kill the hobgoblin!
Natasha casts a spell.
The sting hits Natasha.
Natasha is poisoned.
Natasha is lightly wounded.
Natasha claws you! The shadow imp gestures at you.
Pain shoots through your body!
Ouch! That really hurt!
* * * LOW HITPOINT WARNING * * *
The crimson imp picks up a beetle and eats it.
You are too injured to fight recklessly!
Casting: Sting (safe; 7% risk of failure)
Confirm with . or Enter, or press ? or * to list all spells.
Aiming: Sting (safe; 7% risk of failure)
Press: ? - help, Shift-Dir - straight line, f/p - Natasha
Aim: Natasha (moderately wounded, poisoned, 64% to hit)
The sting hits Natasha.
Natasha looks even sicker.
Natasha is moderately wounded.
Natasha claws you.
You die...

#..##. #....
#.#.>.. #.#...
# ##.#... .#
###.....##.####
#....>.5h......
.......@5..####
........#......
##..#...#..####
#.........#
#.....<...#
.......##.##
###.... .#
#.... .. #....
##


You could see Natasha (very poisoned), a crimson imp (summoned) and a shadow imp
(summoned).

Vanquished Creatures
  A dart slug (D:1)
  2 ball pythons (D:1)
  3 bats (D:1)
  3 endoplasms (D:1)
  2 giant cockroaches (D:1)
  2 goblins (D:1)
  3 hobgoblins
  A quokka (D:1)
  A frilled lizard (D:1)
  8 kobolds (D:1)
  3 rats (D:1)
29 creatures vanquished.

Notes
Turn   | Place    | Note
-------+----------+-------------------------------------------
     0 | D:1      | vvl the Demonspawn Venom Mage began the quest for the Orb.
     0 | D:1      | Reached XP level 1. HP: 13/13 MP: 3/3
    32 | D:1      | Reached skill level 1 in Transmutations
   320 | D:1      | Gained mutation: You have sharp fingernails. [demonic
                  | ancestry]
   320 | D:1      | Reached XP level 2. HP: 8/20 MP: 0/5
   325 | D:1      | HP: 1/20 [goblin/+0 club (4)]
   807 | D:1      | Found Muhotoec's Antique Armour Boutique.
  1315 | D:1      | Found a faded altar of an unknown god.
  1348 | D:1      | Reached XP level 3. HP: 20/25 MP: 6/6
  1618 | D:2      | Noticed Natasha
  1625 | D:2      | Slain by Natasha

Illustrated notes

Levels and vault maps discovered:
D:1:      lightli_arrival_isolated_outpost, layout_basic, serial_shops,
          nicolae_diamond_shop, dreamdust_ecumenical_altar_statues
D:2:      layout_basic, serial_shops, shop, palyth_stone_intersect, uniq_natasha

Skill      XL: |  1  2 |
---------------+-------+-----
Transmutations | 1 |  1.3
Dodging        | 2 |  2.0
Stealth        | 2 |  2.0
Fighting       | |  0.8
Armour         | |  0.7
Spellcasting   | |  2.2
Poison Magic   | |  3.2

Action                   || total
-------------------------++-------
Melee: Unarmed           ||    14
       Short sword       ||    24
       Dagger            ||     7
 Cast: Sting             ||    29
 Stab: Sleeping          ||     1
Armor: Robe              ||     9
Dodge: Dodged            ||    35
